 Dungeon Crawl Stone Soup version 0.31-a0-1598-g94871bc2e8 (webtiles) character file.

Game seed: 4440968722022742597

241687 Sapher the Skinwalker (level 17, -5/90 HPs)
             Began as a Spriggan Delver on Jan 6, 2024.
             Was the Champion of Jiyva.
             Slain by a +0 dire flail of draining (15 damage)
             ... on level 2 of the Elven Halls on Jan 7, 2024.
             The game lasted 02:46:43 (10218 turns).

Sapher the Skinwalker (Spriggan Delver)            Turns: 10218, Time: 02:46:44

Health: -5/90      AC: 17    Str: 19    XL:     17   Next: 30%
Magic:  0/24       EV: 23    Int: 10    God:    Jiyva [******]
Gold:   1057       SH:  0    Dex: 27    Spells: 22/24 levels left

rFire   + + +        g - +11 Singing Sword {sonic wave}
rCold   + + .        (shield currently unavailable)
rNeg    + + +        H - +0 shadow dragon scales "Adilaf" {rF+ Will++ Str+2 Int-2 Stlth++++}
rPois   ∞            (helmet restricted)
rElec   +            r - scarf {rC+ rF+}
rCorr   +            (gloves unavailable)
SInv    +            (boots unavailable)
Will    +++++        i - amulet "Leecrona" {Spirit Str+3}
Stlth   ++++++++     W - ring of Bur Gum {rF+ rN+ Will+ Str+3 Int-3}
HPRegen 1.95/turn    U - ring "Sujirch" {rElec AC+4 Str+4 Dex+3 Slay-3}
MPRegen 0.99/turn

%: guardian spirit
@: death-form, calling ooze, very quick
A: vile attack, torment immunity, no potions, reduced hp, very small, no large
weapons, unfitting armour, see invisible, speed 3, claws 1, clever 1, robust 2,
tendrils, engulf
}: 3/15 runes: decaying, slimy, gossamer
a: Siphon Essence, Begin Untransformation, Renounce Religion, Oozemancy, Slimify


You were on level 2 of the Elven Halls.
You worshipped Jiyva.
Jiyva was exalted by your worship.
You were an undying horror.
You visited 7 branches of the dungeon, and saw 37 of its levels.
You also visited: Gauntlet and Wizlab.

You collected 1788 gold pieces.
You spent 731 gold pieces at shops.

Inventory:

Hand Weapons
 g - the +11 Singing Sword (weapon) {sonic wave}
   (You found it on level 5 of the Pits of Slime)
 o - a +0 scimitar of holy wrath
 t - a +1 heavy hand axe
 C - a +0 scimitar of flaming
 F - a +3 double sword of draining
 G - the +9 sword of Zonguldrok {reap}
   (You found it in a wizard's laboratory)
 Z - the +2 dagger "Igges" {drain, rElec rN+ MP+9}
   (You found it on level 5 of the Pits of Slime)

   rElec:     It insulates you from electricity.
   rN+:       It protects you from negative energy.
   MP+9:      It affects your magic capacity (+9).
Missiles
 v - 2 throwing nets
Armour
 b - +0 swamp dragon scales
 r - a scarf of resistance (worn)
 s - +1 fire dragon scales
 H - the +0 shadow dragon scales "Adilaf" (worn) {rF+ Will++ Str+2 Int-2 Stlth++++}
   (You found it in a wizard's laboratory)

   Str+2:     It affects your strength (+2).
   Int-2:     It affects your intelligence (-2).
   rF+:       It protects you from fire.
   Will++:    It greatly increases your willpower.
   Stlth++++: It makes you much more stealthy.
 R - a +0 buckler of protection
Jewellery
 i - the amulet "Leecrona" (around neck) {Spirit Str+3}
   (You found it on level 5 of the Pits of Slime)

   [amulet of guardian spirit]

   Spirit:    It causes incoming damage to be divided between your reserves of
   health and magic.
   Str+3:     It affects your strength (+3).
 q - the ring "Tafupif" {Fly rElec rN+ Slay+2}
   (You bought it in a shop on level 2 of the Orcish Mines)

   [ring of flight]

   Slay+2:    It affects your accuracy & damage with ranged weapons and melee
   (+2).
   rElec:     It insulates you from electricity.
   rN+:       It protects you from negative energy.
   Fly:       It grants you flight.
 I - the ring of Tetuiwn {EV+5 Dex+5}
   (You found it on level 5 of the Pits of Slime)

   [ring of evasion]

   EV+5:      It affects your evasion (+5).
   Dex+5:     It affects your dexterity (+5).
 T - a +4 ring of protection
 U - the ring "Sujirch" (right claw) {rElec AC+4 Str+4 Dex+3 Slay-3}
   (You found it on level 5 of the Pits of Slime)

   [ring of protection]

   AC+4:      It affects your AC (+4).
   Str+4:     It affects your strength (+4).
   Dex+3:     It affects your dexterity (+3).
   Slay-3:    It affects your accuracy & damage with ranged weapons and melee
   (-3).
   rElec:     It insulates you from electricity.
 W - the ring of Bur Gum (left claw) {rF+ rN+ Will+ Str+3 Int-3}
   (You found it on level 5 of the Pits of Slime)

   [ring of willpower]

   Str+3:     It affects your strength (+3).
   Int-3:     It affects your intelligence (-3).
   rF+:       It protects you from fire.
   rN+:       It protects you from negative energy.
   Will+:     It increases your willpower.
 X - the dreamshard necklace {Acrobat *Dream}
   (You found it on level 5 of the Pits of Slime)

   [amulet of the acrobat]

   *Dream:    It absorbs a single lethal wound into itself, holding its wearer
   just short of death and releasing dream-creatures to guard them.
   Acrobat:   It increases your evasion while moving and waiting.
Talismans
 k - a talisman of death (active)
Wands
 m - a wand of quicksilver (13)
 B - a wand of iceblast (3)
 N - a wand of mindburst (8)
 S - a wand of paralysis (6)
Scrolls
 a - a scroll of torment
 c - a scroll of fog
 e - 3 scrolls of fear (quivered)
 l - a scroll of enchant armour
 w - 3 scrolls of brand weapon
 y - 3 scrolls of teleportation
 A - 2 scrolls of vulnerability
 E - a scroll of summoning
 K - 2 scrolls of acquirement
 L - a scroll of immolation
 M - 3 scrolls of enchant weapon
 Y - 2 scrolls of revelation
Potions
 d - a potion of resistance
 f - 2 potions of haste
 h - a potion of might
 j - 3 potions of attraction
 n - a potion of berserk rage
 p - 2 potions of magic
 u - 2 potions of heal wounds
 x - 3 potions of lignification
 z - 5 potions of mutation {unknown}
 D - 3 potions of ambrosia
 J - 2 potions of enlightenment {unknown}
 O - 3 potions of invisibility
 P - 2 potions of curing
 Q - a potion of brilliance {unknown}
 V - 2 potions of cancellation


   Skills:
 - Level 6.0 Fighting
 - Level 8.0(15.0) Short Blades
 - Level 15.5(16.0) Long Blades
 - Level 4.0 Armour
 + Level 12.6 Dodging
 - Level 15.0 Stealth
 - Level 4.0 Spellcasting
 + Level 5.4 Translocations
 - Level 5.9 Evocations
 * Level 22.3 Shapeshifting


You had 22 spell levels left.
You knew the following spells:

 Your Spells              Type           Power      Damage    Failure   Level
B - Blink                 Tloc           24%        N/A       41%         2

Your spell library contained the following spells:

 Spells                   Type           Power      Damage    Failure   Level
 Freeze                   Ice            8%         1d3       95%         1
 Magic Dart               Conj           8%         1d3       95%         1
 Sting                    Conj/Alch      8%         1d3       95%         1
 Call Imp                 Summ           4%         N/A       99%         2
 Cigotuvi's Dreadful Rot  Necr/Alch/Air  4%         N/A       99%         2
 Mercury Vapours          Alch/Air       4%         N/A       99%         2
 Call Canine Familiar     Summ           2%         N/A       100%        3
 Frozen Ramparts          Ice            4%         1d1       100%        3
 Fugue of the Fallen      Necr           2%         N/A       100%        3
 Hailstorm                Conj/Ice       2%         3d5       100%        3
 Sigil of Binding         Hex            2%         N/A       100%        3
 Summon Ice Beast         Ice/Summ       2%         N/A       100%        3
 Anguish                  Hex/Necr       1%         N/A       100%        4
 Dimensional Bullseye     Hex/Tloc       3%         N/A       100%        4
 Ignite Poison            Fire/Alch      2%         N/A       100%        4
 Olgreb's Toxic Radiance  Alch           2%         N/A       100%        4
 Freezing Cloud           Conj/Ice/Air   1%         6-21      100%        5
 Summon Mana Viper        Hex/Summ       2%         N/A       100%        5
 Conjure Ball Lightning   Conj/Air       1%         3x3d6     100%        6
 Monstrous Menagerie      Summ           1%         N/A       100%        7
 Discord                  Hex            1%         N/A       100%        8
 Disjunction              Tloc           6%         N/A       100%        8


Dungeon Overview and Level Annotations

Branches:
Dungeon (15/15) Zot: 26534    Lair (5/5) D:8 Zot: 26414   Swamp (4/4) Lair:2 Zot: 23314
 Spider (4/4) Lair:3 Zot: 22979   Slime (5/5) Lair:4 Zot: 26823     Orc (2/2) D:11 Zot: 11128
    Elf (2/3) Orc:2 Zot: 11512  Vaults (0/5) D:13         WizLab (visited)
Gauntlet (visited)
 Temple: D:4-7       Depths: D:15

Altars:
Cheibriados
Dithmenos
Makhleb
Nemelex Xobeh
Okawaru
Qazlal
Sif Muna
Vehumet
Xom
The Shining One
Jiyva

Shops:
D:11 !   Orc:2 (=[*   Elf:2 [

Annotations:
D:3 3 runed translucent doors, MrCrawl's ghost, amateur DrFE
D:6 Dowan
D:8 Maurice
Slime:5 Royal Jelly
Elf:2 Jorgrun


Innate Abilities, Weirdness & Mutations

You are an undying horror.
Your melee and unarmed attacks drain, slow and weaken victims.
You are immune to unholy pain and torment.
You cannot drink.
Your maximum health is decreased, since you lack skill for your form.
You are immune to poison.
You are very small and have problems with some larger weapons.
You are too small for most types of armour.
You have supernaturally acute eyesight. (SInv)
You cover ground extremely quickly. (Speed+++)
You have sharp fingernails.
Your mind is acute. (Int +4, Str/Dex -1)
You are very robust. (+20% HP)
You are covered in slimy tendrils that may disarm your opponents.
Your melee attacks may engulf your foes in ooze.


Message History

The +5 spectral double sword hits you!
* * * LOW HITPOINT WARNING * * *
The wall burns the +5 spectral double sword!
You take 9 damage, and have 20/90 hp.
You miss the +5 spectral double sword.
The +5 spectral double sword is severely damaged.
The wall burns the +5 spectral double sword!
The +5 spectral double sword shares its spectral weapon's damage!
The +5 spectral double sword hits you!
* * * LOW HITPOINT WARNING * * *
The wall burns the +5 spectral double sword!
The +5 spectral double sword shares its spectral weapon's damage!
The +5 spectral double sword closely misses you.
The walls burn the +0 dire flail of draining!
The +5 spectral double sword disappears.
The walls burn the +5 spectral double sword!
The +5 spectral double sword hits you.
* * * LOW HITPOINT WARNING * * *
The +5 spectral double sword completely misses you.
A +5 spectral double sword comes into view.
You take 13 damage, and have 7/90 hp.
Casting: Blink (dangerous; 43% risk of failure)
Confirm with . or Enter, or press ? or * to list all spells.
Okay, then.
Okay, then.
You slice the +5 spectral double sword!!
The +5 spectral double sword falls from the air.
The +5 spectral double sword disappears.
The wall burns the +0 dire flail of draining!
Press: ? - help, v - describe, . - travel, g - get item
Here: a +0 dire flail of draining (moderately damaged) Item here: a +5 spectral double sword.
The floor.
Unknown command.
Unknown command.
A deep elf pyromancer comes into view. It is wielding a +0 short sword.
The walls burn the +0 dire flail of draining!
The +0 dire flail of draining attacks as it pursues you!
The +0 dire flail of draining hits you!
You die...

...........#'.'...#.....
...........##.'.........
...........#'.'...#.....
............'##..###...#
.............##.## ##.##
............###.. #...#
.............##...#.....
............## .........
.......z...## ..... ##.
.......#(..## #.
......###)..## #. .....#
##g..# ..##
......###)..## ....
...e..e#)..## ..##
......eg)[.#
......(.)...# ##
.............# ##.


You could see Jorgrun, a deep elf pyromancer (wandering) and a +0 dire flail of
draining.

Vanquished Creatures
  Bai Suzhen (Swamp:4)
  An antique champion (WizLab)
  2 liches (WizLab)
  A deep elf blademaster (Elf:2)
  An ancient champion (WizLab)
  A thorn hunter (Swamp:2)
  2 emperor scorpions
  The ghost of ZZKoverts the Cleaver, a journeyman MiBe of Trog (Orc:2)
  6 ghost moths
  3 orc warlords
  2 ghouls (WizLab)
  2 eleionomae
  A deep elf annihilator (Elf:2)
  Azrael (D:14)
  2 spark wasps (Spider:4)
  A minotaur (Gauntlet)
  A bunyip (Swamp:2)
  3 jiangshi (WizLab)
  A shambling mangrove (Swamp:3)
  A fire dragon (Swamp:4)
  2 entropy weavers
  9 hydras
  Harold (D:11)
  3 alligators
  2 radroaches
  2 centaur warriors
  9 dancing weapons
  2 boulder beetles
  A death scarab (Spider:2)
  3 demonic crawlers
  7 death yaks
  4 orc high priests
  9 deep elf knights
  4 pharaoh ants
  5 skeletal warriors (WizLab)
  2 goliath frogs
  2 bog bodies (Swamp:3)
  2 spriggan druids (Swamp:4)
  6 orb spiders
  3 deep elf archers
  A sun moth (Spider:1)
  3 steelbarb worms (Spider:4)
  6 deep elf zephyrmancers
  7 swamp dragons
  5 orc knights
  3 lindwurms (Swamp:4)
  15 wolf spiders
  A phantasmal warrior (WizLab)
  26 deep elf pyromancers
  4 orc sorcerers
  An ugly thing (D:12)
  2 manticores
  3 will-o-the-wisps
  2 cyclopes
  A moth of wrath (Spider:3)
  2 stone giant skeletons (WizLab)
  An elephant (Lair:2)
  2 meliai (Spider:4)
  A torpor snail (Gauntlet)
  2 storm dragon simulacra (WizLab)
  A rime drake (Lair:3)
  3 cane toads
  A gargoyle (D:11)
  A kobold demonologist (D:9)
  A golden dragon simulacrum (WizLab)
  2 tengu conjurers (D:14)
  2 polar bears
  5 trolls
  3 tyrant leeches
  17 tarantellas
  4 hornets
  2 ettin zombies (WizLab)
  2 blink frogs (Lair:1)
  Sigmund (D:5)
  2 spriggans
  17 culicivoras
  24 jumping spiders
  15 yaks
  4 air elementals (Elf:1)
  A wraith (Lair:3)
  6 shadows
  4 vampires (WizLab)
  3 wyverns
  An ettin skeleton (WizLab)
  5 fire elementals
  11 humans (D:13)
  A steam dragon (D:9)
  2 wargs
  4 vampire mosquitoes (Swamp:2)
  A basilisk (Lair:1)
  35 redbacks
  3 swamp worms
  6 water moccasins
  A hell hound (D:14)
  28 orc warriors
  4 swamp drakes (Swamp:4)
  2 wolves
  4 ogres
  A swamp dragon skeleton (WizLab)
  2 centaurs
  2 kobold brigands (D:9)
  A phantom (D:5)
  Blork the orc (D:5)
  A brain worm (D:6)
  5 bullfrogs
  A cyclops skeleton (WizLab)
  A deep troll simulacrum (WizLab)
  5 wights (D:9)
  8 killer bees
  2 swamp dragon simulacra (WizLab)
  4 howler monkeys
  A bombardier beetle (D:5)
  18 orc priests
  A sleepcap (D:5)
  30 orc wizards
  An adder (D:6)
  A shadow imp (D:5)
  3 white imps
  2 ribbon worms
  A dart slug (D:1)
  61 orcs
  2 ball pythons
  A bat (D:1)
  A goblin (D:1)
  4 jackals (D:1)
  A kobold (D:9)
  A frilled lizard (D:2)
592 creatures vanquished.

Vanquished Creatures (collateral kills)
  An antique champion (WizLab)
  Aizul (Swamp:4)
  2 emperor scorpions
  A ghost moth (Spider:2)
  A spark wasp (Spider:4)
  Josephine (Lair:3)
  An entropy weaver (Spider:4)
  3 hydras (Swamp:4)
  A radroach (Spider:2)
  A two-headed ogre (D:13)
  2 death yaks (Lair:4)
  An orc high priest (Orc:2)
  An orc sorcerer (Orc:2)
  A wolf spider (Spider:2)
  A meliai (Spider:4)
  A moth of wrath (Spider:4)
  A torpor snail (Spider:2)
  A komodo dragon (Lair:4)
  A queen bee (shapeshifter) (D:13)
  A tyrant leech (Swamp:1)
  3 hornets (Swamp:4)
  4 tarantellas (Spider:4)
  3 spriggans (Swamp:4)
  3 culicivoras
  A shadow (D:13)
  A wyvern (Lair:3)
  2 wraiths (Lair:3)
  5 humans (D:13)
  7 redbacks
  2 swamp worms (Swamp:4)
  4 orc warriors (Orc:2)
  A killer bee (Lair:3)
  2 orc wizards (Orc:2)
  3 orcs (Orc:2)
65 creatures vanquished.

Vanquished Creatures (others)
  Nikola (Spider:2)
  A great orb of eyes (Gauntlet)
  A demonic crawler (Spider:2)
  An ugly thing (Gauntlet)
  A hornet (Swamp:4)
  3 slime creatures (D:13)
  A spriggan (Swamp:4)
  2 vampire mosquitoes (D:13)
  2 redbacks (Spider:2)
  32 jellies
  An orc wizard (Orc:2)
  2 ufetubi (D:5)
  4 orcs
  An endoplasm (Lair:4)
  A goblin (D:2)
  A kobold (D:2)
  10 foxfires
65 creatures vanquished.

Grand Total: 722 creatures vanquished

Notes
Turn   | Place    | Note
-------+----------+-------------------------------------------
     0 | D:5      | Sapher the Spriggan Delver began the quest for the Orb.
     0 | D:5      | Reached XP level 1. HP: 11/11 MP: 2/2
     1 | D:6      | Noticed an orc priest
     1 | D:6      | Noticed an orc wizard
     3 | D:6      | Noticed an orc wizard
     7 | D:6      | Killed an orc wizard
     8 | D:6      | Reached XP level 2. HP: 16/16 MP: 3/3
    10 | D:6      | Reached XP level 3. HP: 19/19 MP: 4/4
    13 | D:6      | Reached XP level 4. HP: 23/23 MP: 5/5
    48 | D:6      | Found a sparkling altar of Nemelex Xobeh.
    74 | D:6      | Noticed a bullfrog
    75 | D:6      | Found a shimmering altar of Xom.
    75 | D:6      | Noticed a brain worm
    80 | D:6      | Killed a brain worm
    81 | D:6      | Reached XP level 5. HP: 27/27 MP: 6/6
   114 | D:6      | Reached skill level 10 in Stealth
   114 | D:6      | Reached skill level 1 in Evocations
   124 | D:5      | Noticed Sigmund
   157 | D:6      | Noticed Dowan
   189 | D:6      | Found a shadowy altar of Dithmenos.
   315 | D:8      | Noticed a two-headed ogre
   320 | D:8      | Noticed a two-headed ogre
   334 | D:9      | Noticed a steam dragon
   336 | D:9      | Killed a steam dragon
   337 | D:9      | Reached skill level 1 in Shapeshifting
   337 | D:9      | Reached XP level 6. HP: 32/32 MP: 7/7
   359 | D:8      | Noticed Maurice
   411 | D:9      | Noticed a kobold demonologist
   418 | D:9      | Reached skill level 2 in Shapeshifting
   419 | D:9      | Killed a kobold demonologist
   420 | D:9      | Reached XP level 7. HP: 25/35 MP: 8/8
   434 | D:9      | Found a burning altar of Makhleb.
   439 | D:9      | Noticed a two-headed ogre
   453 | D:9      | Reached skill level 5 in Short Blades
   456 | D:9      | Reached skill level 3 in Shapeshifting
   485 | D:10     | Entered Level 10 of the Dungeon
   493 | D:11     | Noticed a gargoyle
   498 | D:11     | Killed a gargoyle
   499 | D:11     | Reached XP level 8. HP: 39/39 MP: 9/9
   551 | D:11     | Found Riavuk's Distillery.
   559 | D:11     | Bought a potion of heal wounds for 70 gold pieces
   562 | D:11     | Noticed Harold
   570 | D:11     | Found a staircase to the Orcish Mines.
   576 | D:11     | Killed Harold
   577 | D:11     | Reached skill level 5 in Dodging
   577 | D:11     | Reached skill level 5 in Evocations
   577 | D:11     | Reached skill level 4 in Shapeshifting
   717 | D:10     | Reached XP level 9. HP: 43/43 MP: 10/10
   762 | D:10     | Reached skill level 5 in Shapeshifting
   916 | D:9      | Noticed a troll
   922 | D:9      | Killed a troll
   954 | D:8      | Found an iron altar of Okawaru.
  1031 | D:8      | Found a staircase to the Lair.
  1049 | Lair:1   | Entered Level 1 of the Lair of Beasts
  1049 | Lair:1   | Noticed a cane toad
  1050 | Lair:1   | Killed a cane toad
  1051 | Lair:1   | Reached skill level 6 in Shapeshifting
  1054 | Lair:1   | Reached skill level 15 in Stealth
  1068 | Lair:1   | You fall into a shaft and drop 1 floor!
  1095 | Lair:2   | Noticed a polar bear
  1100 | Lair:2   | Killed a polar bear
  1101 | Lair:2   | Noticed a death yak
  1112 | Lair:2   | Noticed a death yak
  1113 | Lair:2   | Noticed a death yak
  1131 | Lair:2   | Found a staircase to the Swamp.
  1131 | Lair:2   | Noticed a swamp dragon
  1186 | Lair:2   | Noticed a cane toad
  1207 | Lair:2   | Noticed a death yak
  1211 | Lair:2   | Killed a death yak
  1212 | Lair:2   | Reached skill level 7 in Shapeshifting
  1212 | Lair:2   | Reached XP level 10. HP: 47/47 MP: 11/11
  1305 | Lair:2   | Found a gate leading to a gauntlet.
  1384 | Lair:3   | Noticed an elephant
  1397 | Lair:3   | Noticed a death yak
  1397 | Lair:3   | Noticed a death yak
  1397 | Lair:3   | Noticed a death yak
  1400 | Lair:4   | Noticed a death yak
  1458 | Lair:4   | Noticed a cane toad
  1466 | Lair:4   | Killed a cane toad
  1481 | Lair:4   | Found a staircase to the Slime Pits.
  1482 | Lair:4   | Found a viscous altar of Jiyva.
  1485 | Lair:4   | Noticed a death yak
  1486 | Lair:4   | Noticed a death yak
  1487 | Lair:4   | Noticed a death yak
  1488 | Lair:4   | Noticed a death yak
  1494 | Slime:1  | Entered Level 1 of the Pits of Slime
  1499 | Lair:4   | Became a worshipper of Jiyva Jasobb the Shapeless
  1514 | Lair:5   | Entered Level 5 of the Lair of Beasts
  1514 | Lair:5   | Noticed an elephant
  1514 | Lair:5   | Noticed an elephant
  1521 | Lair:5   | Reached skill level 8 in Shapeshifting
  1541 | Lair:5   | Noticed an elephant
  1544 | Lair:5   | Noticed a black mamba
  1545 | Lair:5   | Noticed a skyshark
  1550 | Lair:5   | Noticed a six-headed hydra
  1587 | Lair:5   | Noticed a skyshark
  1600 | Lair:4   | Noticed a five-headed hydra
  1605 | Lair:4   | Killed a five-headed hydra
  1606 | Lair:4   | Reached skill level 10 in Dodging
  1655 | Lair:3   | Noticed a torpor snail
  1665 | Lair:3   | Reached * piety under Jiyva
  1720 | Lair:2   | Noticed a skyshark
  1721 | Gauntlet | Entered a Gauntlet
  1721 | Gauntlet | Found a transporter.
  1721 | Gauntlet | Found a transporter.
  1723 | Gauntlet | Found a transporter.
  1724 | Gauntlet | Found a transporter.
  1743 | Gauntlet | Killed a purple ugly thing
  1751 | Gauntlet | Killed a great orb of eyes
  1752 | Gauntlet | Noticed a death yak
  1752 | Gauntlet | Noticed a death yak
  1752 | Gauntlet | Noticed a death yak
  1753 | Gauntlet | Noticed a death yak
  1753 | Gauntlet | Noticed a torpor snail
  1754 | Gauntlet | Found a transporter.
  1754 | Gauntlet | Found a transporter.
  1756 | Gauntlet | Found a transporter.
  1756 | Gauntlet | Found a transporter.
  1756 | Gauntlet | Noticed a death yak
  1760 | Gauntlet | Found a runed translucent door.
  1763 | Gauntlet | Noticed a cyan ugly thing
  1767 | Gauntlet | Found a transporter.
  1783 | Gauntlet | Found a transporter.
  1785 | Gauntlet | Found a runed translucent door.
  1793 | Gauntlet | Found a transporter.
  1808 | Gauntlet | Found a transporter.
  1826 | Gauntlet | Found a transporter.
  1826 | Gauntlet | Noticed a tengu warrior
  1837 | Gauntlet | Found a transporter.
  1887 | Gauntlet | Reached skill level 9 in Shapeshifting
  1902 | Gauntlet | Killed a death yak
  1903 | Gauntlet | Reached skill level 1 in Long Blades
  1910 | Gauntlet | Killed a death yak
  1920 | Gauntlet | Killed a death yak
  1921 | Gauntlet | Reached XP level 11. HP: 48/53 MP: 12/12
  1937 | Gauntlet | Reached skill level 10 in Shapeshifting
  1998 | Gauntlet | Identified the ring "Cougiyhi" {Wiz Str+3}
  2011 | Gauntlet | Noticed a minotaur
  2031 | Gauntlet | Killed a minotaur
  2123 | Lair:1   | Reached ** piety under Jiyva
  2170 | D:8      | Found a stormy altar of Qazlal.
  2284 | D:5      | Found a snail-covered altar of Cheibriados.
  2286 | D:5      | Noticed Blork the orc
  2306 | D:5      | Killed Blork the orc
  2385 | D:4      | Found a radiant altar of Vehumet.
  2422 | D:3      | Found a runed translucent gate.
  2423 | D:3      | Found a runed translucent gate.
  2424 | D:3      | Found a runed translucent gate.
  2427 | D:3      | Noticed MrCrawl's ghost (amateur DrFE)
  2434 | D:2      | Found a shadowy altar of Dithmenos.
  2442 | D:2      | Reached *** piety under Jiyva
  2442 | D:2      | Gained mutation: You have a small jelly attached to you
                  | that senses nearby items. [Jiyva's grace]
  2442 | D:2      | Gained mutation: Your flesh is heat resistant. (rF+)
                  | [Jiyva's grace]
  2442 | D:2      | Gained mutation: Your flesh is very heat resistant. (rF++)
                  | [Jiyva's grace]
  2442 | D:2      | Gained mutation: Your flesh is almost immune to the effects
                  | of heat. (rF+++) [Jiyva's grace]
  2455 | D:2      | Found a faded altar of an unknown god.
  2934 | D:2      | Reached **** piety under Jiyva
  2986 | D:3      | Found a shimmering blue altar of Sif Muna.
  3086 | D:5      | Killed Sigmund
  3301 | D:9      | Reached skill level 1 in Armour
  3382 | Orc:1    | Entered Level 1 of the Orcish Mines
  3470 | Orc:1    | Reached skill level 5 in Long Blades
  3491 | Orc:1    | Reached ***** piety under Jiyva
  3576 | Orc:1    | Lost mutation: Your flesh is almost immune to the effects
                  | of heat. (rF+++) [Jiyva's grace]
  3576 | Orc:1    | Lost mutation: Your flesh is very heat resistant. (rF++)
                  | [Jiyva's grace]
  3576 | Orc:1    | Gained mutation: You have a small jelly attached to you
                  | that may absorb projectiles. [Jiyva's grace]
  3576 | Orc:1    | Gained mutation: You have sharp fingernails. [Jiyva's
                  | grace]
  3576 | Orc:1    | Gained mutation: You have very sharp fingernails. [Jiyva's
                  | grace]
  3576 | Orc:1    | Gained mutation: You have claws for hands. [Jiyva's grace]
  3586 | Orc:2    | Entered Level 2 of the Orcish Mines
  3586 | Orc:2    | Found a staircase to the Elven Halls.
  3623 | Orc:1    | Noticed an orc warlord
  3623 | Orc:1    | Noticed an orc sorcerer
  3652 | Orc:1    | Noticed an ettin
  3690 | Orc:2    | Found a runed translucent door.
  3690 | Orc:2    | Noticed ZZKoverts's ghost (journeyman MiBe)
  3703 | Orc:2    | Killed ZZKoverts's ghost
  3704 | Orc:2    | Reached skill level 11 in Shapeshifting
  3910 | Orc:2    | Noticed an orc high priest
  3910 | Orc:2    | Noticed an orc high priest
  3917 | Orc:2    | Killed an orc high priest
  3921 | Orc:2    | Noticed an orc knight
  3921 | Orc:2    | Killed an orc high priest
  3922 | Orc:2    | Noticed an orc sorcerer
  3923 | Orc:2    | Noticed an orc sorcerer
  3924 | Orc:2    | Noticed an orc knight
  3925 | Orc:2    | Noticed an orc knight
  3926 | Orc:2    | Reached XP level 12. HP: 50/58 MP: 13/13
  3932 | Orc:2    | Reached skill level 12 in Shapeshifting
  3934 | Orc:2    | Noticed an orc warlord
  3936 | Orc:2    | Noticed an orc high priest
  3949 | Orc:2    | Noticed an orc high priest
  3966 | Orc:2    | Killed an orc warlord
  3994 | Orc:2    | Killed an orc high priest
  4126 | Orc:2    | Noticed an orc warlord
  4127 | Orc:2    | Killed an orc high priest
  4175 | Orc:2    | Killed an orc warlord
  4306 | Orc:2    | Found Juug's General Store.
  4306 | Orc:2    | Found Veomy's Jewellery Shoppe.
  4307 | Orc:2    | Found Owoomycw's Antique Armour Shoppe.
  4307 | Orc:2    | Found Arown's Antique Weapon Emporium.
  4322 | Orc:2    | Bought the ring "Tafupif" {Fly rElec rN+ Slay+2} for 661
                  | gold pieces
  4457 | D:12     | Reached skill level 13 in Shapeshifting
  4668 | D:12     | Identified the +6 falchion "Goewn" {freeze, Str-2 Int+2
                  | SInv}
  4949 | D:13     | Noticed a centaur warrior
  4949 | D:13     | Noticed a two-headed ogre
  4949 | D:13     | Found a gate to the Vaults.
  4995 | D:13     | Killed a centaur warrior
  5003 | D:13     | Reached XP level 13. HP: 59/61 MP: 14/14
  5042 | D:13     | Reached skill level 10 in Long Blades
  5222 | D:15     | Entered Level 15 of the Dungeon
  5324 | D:15     | Lost mutation: You have a small jelly attached to you that
                  | may absorb projectiles. [Jiyva's grace]
  5324 | D:15     | Gained mutation: You have a small jelly attached to you
                  | that may absorb projectiles. [Jiyva's grace]
  5324 | D:15     | Gained mutation: Your muscles are strong. (Str +4, Int/Dex
                  | -1) [Jiyva's grace]
  5324 | D:15     | Gained mutation: Your muscles are very strong. (Str +8,
                  | Int/Dex -2) [Jiyva's grace]
  5324 | D:15     | Gained mutation: Your mind is acute. (Int +4, Str/Dex -1)
                  | [Jiyva's grace]
  5360 | D:15     | Found a glowing golden altar of the Shining One.
  5454 | D:14     | Reached skill level 14 in Shapeshifting
  5502 | D:14     | Reached ****** piety under Jiyva
  5543 | D:14     | Noticed Azrael
  5551 | D:14     | Killed Azrael
  5968 | Slime:3  | Noticed an azure jelly
  5978 | Slime:4  | Noticed an azure jelly
  5978 | Slime:4  | Noticed a rockslime
  5982 | Slime:4  | Noticed an azure jelly
  5983 | Slime:4  | You fall into a shaft and drop 1 floor!
  5983 | Slime:5  | Entered Level 5 of the Pits of Slime
  5990 | Slime:5  | Noticed an acid blob
  5999 | Slime:5  | Noticed an azure jelly
  6000 | Slime:5  | Noticed an azure jelly
  6006 | Slime:5  | Noticed a rockslime
  6033 | Slime:5  | Found a viscous altar of Jiyva.
  6033 | Slime:5  | Noticed an acid blob
  6035 | Slime:5  | Noticed an acid blob
  6037 | Slime:5  | Identified the ring "Sujirch" {rElec AC+4 Str+4 Dex+3
                  | Slay-3}
  6040 | Slime:5  | Identified the ring of Bur Gum {rF+ rN+ Will+ Str+3 Int-3}
  6045 | Slime:5  | Identified the +2 dagger "Igges" {drain, rElec rN+ MP+9}
  6050 | Slime:5  | Noticed an acid blob
  6052 | Slime:5  | Noticed the Royal Jelly
  6058 | Slime:5  | Identified the amulet "Leecrona" {Spirit Str+3}
  6070 | Slime:5  | Identified the maw talisman of Valiance {rF++}
  6076 | Slime:5  | Noticed an acid blob
  6080 | Slime:5  | Found the dreamshard necklace {Acrobat *Dream}
  6083 | Slime:5  | Identified the ring "Pifoerr" {rElec rF- Str+6 SInv}
  6097 | Slime:5  | Found the +11 Singing Sword {sonic wave}
  6107 | Slime:5  | Got a slimy rune of Zot
  6111 | Slime:5  | Got a starry gem with 484 turns to spare
  6112 | Slime:5  | Identified the ring of Tetuiwn {EV+5 Dex+5}
  6136 | Slime:5  | Noticed an azure jelly
  6137 | Slime:5  | Noticed an acid blob
  6147 | Slime:5  | Noticed an azure jelly
  6204 | Slime:3  | Noticed a rockslime
  6231 | Slime:3  | Noticed an acid blob
  6233 | Slime:3  | Noticed an acid blob
  6318 | Lair:3   | Noticed Josephine
  6328 | Lair:3   | Killed Josephine
  6385 | Lair:2   | HP: 2/61 [poisoned by a swamp dragon (poison gas)]
  6428 | Swamp:1  | Entered Level 1 of the Swamp
  6438 | Swamp:1  | Reached skill level 15 in Shapeshifting
  6499 | Swamp:1  | Reached skill level 1 in Spellcasting
  6507 | Swamp:2  | Noticed a thorn hunter
  6508 | Swamp:2  | Noticed an eleionoma
  6518 | Swamp:2  | Killed a thorn hunter
  6520 | Swamp:2  | Killed an eleionoma
  6522 | Swamp:2  | Noticed a bunyip
  6552 | Swamp:2  | Killed a bunyip
  6553 | Swamp:2  | Reached XP level 14. HP: 53/66 MP: 14/19
  6761 | Swamp:4  | Entered Level 4 of the Swamp
  6775 | Swamp:4  | Noticed Bai Suzhen
  6816 | Swamp:4  | Killed Bai Suzhen
  6897 | Swamp:4  | Identified the serpent talisman "Celuajusm" {rC+ rN+ MP+9}
  6897 | Swamp:4  | Noticed Aizul
  6913 | Swamp:4  | Killed Aizul
  7210 | Swamp:4  | Reached skill level 15 in Long Blades
  7219 | Swamp:4  | Got a mossy gem with 1167 turns to spare
  7221 | Swamp:4  | Got a decaying rune of Zot
  7233 | Swamp:4  | Noticed a thorn hunter
  7349 | Lair:3   | Found a hole to the Spider Nest.
  7360 | Spider:1 | Entered Level 1 of the Spider Nest
  7455 | Spider:1 | Reached XP level 15. HP: 64/70 MP: 18/22
  7496 | Spider:1 | Lost mutation: You have claws for hands. [Jiyva's grace]
  7496 | Spider:1 | Lost mutation: Your muscles are very strong. (Str +8,
                  | Int/Dex -2) [Jiyva's grace]
  7496 | Spider:1 | Lost mutation: You have a small jelly attached to you that
                  | senses nearby items. [Jiyva's grace]
  7496 | Spider:1 | Lost mutation: You have a small jelly attached to you that
                  | may absorb projectiles. [Jiyva's grace]
  7496 | Spider:1 | Gained mutation: Your translucent skin slightly reduces
                  | your foes' accuracy. (Stealth+) [Jiyva's grace]
  7496 | Spider:1 | Gained mutation: Your translucent skin reduces your foes'
                  | accuracy. (Stealth+) [Jiyva's grace]
  7496 | Spider:1 | Gained mutation: Your transparent skin significantly
                  | reduces your foes' accuracy. (Stealth+) [Jiyva's grace]
  7496 | Spider:1 | Gained mutation: Your system is resistant to poisons.
                  | (rPois) [Jiyva's grace]
  7816 | Spider:2 | Noticed Nikola
  7826 | Spider:2 | Killed Nikola
  7930 | Spider:2 | Reached skill level 16 in Shapeshifting
  7961 | Spider:2 | Noticed an emperor scorpion
  7976 | Spider:2 | Killed an emperor scorpion
  7977 | Spider:2 | Reached skill level 5 in Fighting
  8092 | Spider:3 | Noticed an emperor scorpion
  8119 | Spider:3 | Killed an emperor scorpion
  8184 | Spider:4 | Entered Level 4 of the Spider Nest
  8215 | Spider:4 | Reached skill level 17 in Shapeshifting
  8291 | Spider:3 | Noticed an emperor scorpion
  8312 | Spider:3 | Killed an emperor scorpion
  8353 | Spider:4 | Noticed an emperor scorpion
  8363 | Spider:4 | Reached skill level 18 in Shapeshifting
  8373 | Spider:4 | Killed an emperor scorpion
  8387 | Spider:4 | Reached XP level 16. HP: 65/77 MP: 4/23
  8453 | Spider:4 | Reached skill level 19 in Shapeshifting
  8532 | Spider:4 | Got a gossamer rune of Zot
  8537 | Spider:4 | Got a milky-white gem with 1600 turns to spare
  8967 | D:8      | Upgraded the game from 0.31-a0-1591-g515db51633 to
                  | 0.31-a0-1598-g94871bc2e8
  9093 | Orc:1    | Reached skill level 20 in Shapeshifting
  9148 | Elf:1    | Entered Level 1 of the Elven Halls
  9245 | Elf:1    | Learned a level 2 spell: Blink
  9259 | Elf:1    | Identified a scroll of acquirement
  9277 | Elf:1    | Reached skill level 1 in Translocations
  9325 | Elf:1    | Lost mutation: You have very sharp fingernails. [Jiyva's
                  | grace]
  9325 | Elf:1    | Lost mutation: Your flesh is heat resistant. (rF+) [Jiyva's
                  | grace]
  9325 | Elf:1    | Lost mutation: Your system is resistant to poisons. (rPois)
                  | [Jiyva's grace]
  9325 | Elf:1    | Lost mutation: Your muscles are strong. (Str +4, Int/Dex
                  | -1) [Jiyva's grace]
  9325 | Elf:1    | Lost mutation: Your transparent skin significantly reduces
                  | your foes' accuracy. (Stealth+) [Jiyva's grace]
  9325 | Elf:1    | Lost mutation: Your translucent skin reduces your foes'
                  | accuracy. (Stealth+) [Jiyva's grace]
  9325 | Elf:1    | Lost mutation: Your translucent skin slightly reduces your
                  | foes' accuracy. (Stealth+) [Jiyva's grace]
  9325 | Elf:1    | Gained mutation: Your melee attacks may engulf your foes in
                  | ooze. [Jiyva's grace]
  9325 | Elf:1    | Gained mutation: You are covered in slimy tendrils that may
                  | disarm your opponents. [Jiyva's grace]
  9325 | Elf:1    | Gained mutation: You are robust. (+10% HP) [Jiyva's grace]
  9325 | Elf:1    | Gained mutation: You are very robust. (+20% HP) [Jiyva's
                  | grace]
  9417 | Elf:1    | Identified the +5 flail of Piergh {freeze, rPois Str+5
                  | Int-3 SInv}
  9450 | Elf:1    | Paralysed by an air elemental for 1 turns
  9498 | Elf:2    | Reached skill level 21 in Shapeshifting
  9514 | Elf:2    | Found a magical portal.
  9526 | WizLab   | Entered Zonguldrok's Shrine
  9748 | WizLab   | Noticed a lich
  9749 | WizLab   | Noticed an ancient champion
  9762 | WizLab   | Killed an ancient champion
  9763 | WizLab   | Killed a lich
  9769 | WizLab   | Noticed a lich
  9778 | WizLab   | Killed a lich
  9782 | WizLab   | Noticed an antique champion
  9782 | WizLab   | Noticed an antique champion
  9800 | WizLab   | Killed an antique champion
  9801 | WizLab   | Reached XP level 17. HP: 51/90 MP: 9/24
  9801 | WizLab   | Killed an antique champion
  9808 | WizLab   | Identified the +0 shadow dragon scales "Adilaf" {rF+ Will++
                  | Str+2 Int-2 Stlth++++}
  9812 | WizLab   | Got the Omnibus of the Catacomb
  9814 | WizLab   | Got the Compendium of Shadows
  9977 | Elf:2    | Found Waiwk's Armour Shop.
 10008 | Elf:2    | Reached skill level 22 in Shapeshifting
 10041 | Elf:2    | Found a runed translucent gate.
 10041 | Elf:2    | Found a runed translucent gate.
 10061 | Elf:2    | Found a runed translucent gate.
 10100 | Elf:2    | Noticed Jorgrun
 10103 | Elf:2    | Noticed a deep elf blademaster
 10187 | Elf:2    | Reached skill level 5 in Translocations
 10202 | Elf:2    | Killed a deep elf blademaster
 10218 | Elf:2    | Slain by a +0 dire flail of draining

Illustrated notes

Levels and vault maps discovered:
D:1:      dpeg_arrival_court, layout_basic
D:2:      layout_basic, basic_altar, shapermc_ecumenical_altar_starsandcircs,
          uniq_jessica
D:3:      layout_rooms, mainiacjoe_overflow_brackets, gammafunk_ghost_necromancy
D:4:      minmay_wonky_spiral, layout_basic,
          mainiacjoe_overflow_surrounded_room, jmf_multi_god_temple2,
          temple_statues
D:5:      layout_loops_corners, mainiacjoe_overflow_cross_hatched,
          uniq_blork_the_orc, uniq_sigmund
D:6:      layout_basic, nemelex_diamond_rough_becter, xom_butterflies,
          grunt_dithmenos_smoke, mainiacjoe_sewer_entry_somewhere_in_here_1,
          minmay_misc_feat_doors, uniq_duvessa
D:7:      layout_basic, uniq_jeremiah
D:8:      layout_loops_cross, old_standard_altar, nicolae_wu_jian_wuxing_cycle,
          nicolae_qazlal_eye_of_the_storm, lair_entry_dummy,
          david_defended_altar_orc, uniq_erica, uniq_joseph, uniq_maurice
D:9:      layout_roguey, overflow_temple_1_default
D:10:     layout_roguey
D:11:     layout_basic, orc_0_dummy, serial_shops, nicolae_shop_trees,
          uniq_harold, uniq_urug
D:12:     layout_layer_cave, amcnicky_mini_corridor_feature
D:13:     layout_basic, david_vaults_3, uniq_snorg
D:14:     layout_loops_cross, good_gods_mini_temple, uniq_azrael
D:15:     hellmonk_depths_entry_around_the_bend, layout_stronghold,
          nicolae_tso_carved_into_rock
Lair:1:   layout_concentric_octagons, portal_ice_cave_entry_pillars_1,
          grunt_megastairs_2
Lair:2:   kb_forest_paths, layout_regular_city,
          mainiacjoe_swamp_entry_lozenge_pond, gauntlet_entry_generic,
          infiniplex_staircase_pool
Lair:3:   layout_regular_city, hellmonk_spider_entry_not_the_bees,
          grunt_megastairs_4, uniq_josephine
Lair:4:   layout_long_grid, nicolae_slime_entry_slimehenge, lemuel_fruit_fields,
          uniq_kirke
Lair:5:   cheibrodos_lair_end_hotspot, layout_gridlike, kilobyte_rumbling_trees
Swamp:1:  layout_falls_marsh, evilmike_swamp_ruin_rubble_1
Swamp:2:  gammafunk_mikee_crab_dinner, layout_basic_swamp,
          lemuel_altar_in_water, nicolae_swamp_decorative_isthmus
Swamp:3:  layout_basic_swamp, evilmike_swamp_ruin_house_2, uniq_mlioglotl
Swamp:4:  swamp_alternative, layout_basic_swamp, uniq_aizul, uniq_bai_suzhen
Spider:1: layout_spider_delve, nicolae_spider_bug_shape
Spider:2: nicolae_spider_hilbert_zone_2 [nicolae_spider_hilbert_4_sides_1_open,
          nicolae_spider_hilbert_4_sides_1_open,
          nicolae_spider_hilbert_4_sides_1_open,
          nicolae_spider_hilbert_4_sides_1_open,
          nicolae_spider_hilbert_6_sides_1_open,
          nicolae_spider_hilbert_6_sides_1_open,
          nicolae_spider_hilbert_3_sides_1_open,
          nicolae_spider_hilbert_3_sides_1_open,
          nicolae_spider_hilbert_3_sides_1_open,
          nicolae_spider_hilbert_3_sides_1_open,
          nicolae_spider_hilbert_6_sides_1_open,
          nicolae_spider_hilbert_6_sides_1_open,
          nicolae_spider_hilbert_6_sides_1_open,
          nicolae_spider_hilbert_6_sides_1_open], uniq_arachne, uniq_nikola
Spider:3: layout_spider_delve, guppyfry_spider_mini_3
Spider:4: grunt_spider_rune_island, drop_trap
Slime:1:  layout_caves, nicolae_slime_getting_an_eyeful
Slime:2:  layout_caves
Slime:3:  nicolae_slime_jelly_donut, layout_caves
Slime:4:  layout_caves
Slime:5:  slime_pit_nicolae_block_by_block
Orc:1:    layout_diamond_mine, basic_altar, mines2_david
Orc:2:    st_orc_congregation, layout_caves, hellmonk_ghost_happy_afterlife,
          minmay_orc_barracks
Elf:1:    eino_elf_arrival_customs, layout_gridlike,
          hangedman_elven_crosses_minicolossus
Elf:2:    elven_hall_of_blades_hangedman_original
          [nicolae_blade_entry_diamond_columns], layout_rooms, serial_shops,
          shop, infiniplex_enter_wizlab_glasses, uniq_jorgrun

Skill      XL: |  1  2  3  4  5  6  7  8  9 10 11 12 13 14 15 16 17 |
---------------+----------------------------------------------------+-----
Stealth        | 8 9 10 11 12 13 15 | 15.0
Short Blades   | 3 4 5 6 7 8 |  8.0
Evocations     | 2 3 4 5 |  5.9
Shapeshifting  | 1 2 3 4 7 9 11 13 15 18 21 22 | 22.3
Dodging        | 3 4 5 8 10 11 12 | 12.6
Fighting       | 3 4 6 |  6.0
Long Blades    | 2 6 9 12 15 | 15.5
Armour         | 3 4 |  4.0
Spellcasting   | 2 4 |  4.0
Translocations | 4 5 |  5.4

Action                     |  1- 3 |  4- 6 |  7- 9 | 10-12 | 13-15 | 16-18 || total
---------------------------+-------+-------+-------+-------+-------+-------++-------
  Melee: Short sword       |     3 |       |       |       |       |       ||     3
         Dagger            |       |    17 |    28 |    40 |     7 |     2 ||    94
         Falchion          |       |       |       |     7 |       |       ||     7
         Scimitar          |       |       |       |   445 |   255 |    26 ||   726
         Punch             |       |       |       |     1 |     2 |       ||     3
         Double sword      |       |       |       |       |   471 |   427 ||   898
  Throw: Throwing net      |       |       |       |     7 |       |     1 ||     8
         Dart              |       |       |       |     1 |       |       ||     1
 Invoke: Oozemancy         |       |       |       |     1 |     2 |     3 ||     6
  Evoke: Wand              |       |     8 |     9 |    23 |    26 |     8 ||    74
    Use: Scroll            |       |     1 |     2 |    12 |    10 |     3 ||    28
         Potion            |       |       |       |       |    11 |     2 ||    13
   Stab: Sleeping          |     3 |     4 |    15 |    13 |    10 |     3 ||    48
         Held in net/web   |       |       |       |     9 |       |       ||     9
         Paralysed         |       |       |       |     2 |       |     3 ||     5
         Distracted        |       |       |       |       |     6 |     3 ||     9
         Confused          |       |       |       |       |     2 |       ||     2
 Armour: Robe              |       |    13 |     3 |     6 |       |       ||    22
         Fire dragon scale |       |       |       |   329 |   223 |       ||   552
         Skin              |       |       |       |       |    24 |       ||    24
         Swamp dragon scal |       |       |       |       |   251 |   105 ||   356
         Shadow dragon sca |       |       |       |       |       |    55 ||    55
  Dodge: Dodged            |       |    29 |    13 |   465 |  1068 |   544 ||  2119
         Repelled          |       |       |       |     1 |    11 |       ||    12
  Block: Buckler           |       |       |       |   130 |    39 |       ||   169
   Form: Death             |       |       |       |       |       |     1 ||     1

Table legend: (Time is in decaauts)
 A = Elapsed time spent in this place.
 B = Non-inter-level travel time spent in this place.
 C = Inter-level travel time spent in this place.
 D = Time resting spent in this place.
 E = Time spent auto-exploring this place.
 F = Levels seen in this place.
 G = Mean time per level.
                   A        B        C        D        E       F      G
               +--------+--------+--------+--------+--------+-----+--------+
         Total |   7267 |   7107 |    160 |      0 |      0 |  39 |  186.3 |
       Dungeon |   2612 |   2531 |     81 |      0 |      0 |  15 |  174.1 |
          Lair |    875 |    854 |     21 |      0 |      0 |   5 |  175.0 |
         Swamp |    685 |    685 |      0 |      0 |      0 |   4 |  171.2 |
   Spider Nest |   1020 |    980 |     40 |      0 |      0 |   4 |  255.0 |
    Slime Pits |    208 |    199 |      9 |      0 |      0 |   5 |   41.6 |
  Orcish Mines |    871 |    864 |      7 |      0 |      0 |   2 |  435.5 |
   Elven Halls |    487 |    487 |      0 |      0 |      0 |   2 |  243.5 |
        Wizlab |    283 |    283 |      0 |      0 |      0 |   1 |  283.0 |
      Gauntlet |    225 |    225 |      0 |      0 |      0 |   1 |  225.0 |
               +--------+--------+--------+--------+--------+-----+--------+

Top non-repeatable levels by time:
   Orc:2: 612 daAuts
    D:12: 405 daAuts
Spider:2: 389 daAuts
  Lair:2: 305 daAuts
Spider:4: 298 daAuts
 Swamp:4: 288 daAuts
  WizLab: 283 daAuts
     D:1: 281 daAuts
     D:9: 277 daAuts
   Elf:2: 267 daAuts
   Orc:1: 258 daAuts
Gauntlet: 225 daAuts
   Elf:1: 219 daAuts
    D:11: 213 daAuts
  Lair:3: 195 daAuts
